 Dungeon Crawl Stone Soup version 0.27.1 (webtiles) character file.

Game seed: 2301018812191937146

17 nightchill the Sneak (level 2, -1/16 HPs)
             Began as a Kobold Enchanter on Aug 23, 2021.
             Succumbed to an adder's poison
             ... on level 2 of the Dungeon.
             The game lasted 00:01:53 (1635 turns).

nightchill the Sneak (Kobold Enchanter)             Turns: 1635, Time: 00:01:53

Health: -1/16      AC:  2    Str:  5    XL:     2   Next: 80%
Magic:  1/5        EV: 15    Int: 16    God:
Gold:   55         SH:  0    Dex: 15    Spells: 2/5 levels left

rFire    . . .     SeeInvis .   a - +1 dagger
rCold    . . .     Faith    .   (shield restricted)
rNeg     . . .     Spirit   .   b - +0 robe
rPois    .         Reflect  .   (no helmet)
rElec    .         Harm     .   (no cloak)
rCorr    .         Rampage  .   (no gloves)
Will     .....                  (no boots)
Stlth    ++++......             (no amulet)
HPRegen  0.05/turn              (no ring)
MPRegen  0.09/turn              (no ring)

@: lethally poisoned (-1 -> -9)
A: small, no large weapons, nightstalker 3
a: no special abilities


You were on level 2 of the Dungeon.
You visited 1 branch of the dungeon, and saw 2 of its levels.

You collected 55 gold pieces.

Inventory:

Hand Weapons
 a - a +1 dagger (weapon)
Armour
 b - a +0 robe (worn)
Scrolls
 c - 2 scrolls of identify {unknown}
Potions
 d - a potion of curing {unknown}
 e - a potion of mutation {unknown}


   Skills:
 + Level 0.5 Fighting
 + Level 1.9 Short Blades
 - Level 2.4 Dodging
 + Level 4.2 Stealth
 - Level 2.1 Spellcasting
 * Level 3.3 Hexes
 * Level 0.6 Ice Magic


You had 2 spell levels left.
You knew the following spells:

 Your Spells              Type           Power      Damage    Failure   Level
a - Corona                Hex            13%        N/A       5%          1
b - Ensorcelled Hibernat  Hex/Ice        16%        N/A       14%         2

Your spell library contained the following spells:

 Spells                   Type           Power      Damage    Failure   Level
 Confusing Touch          Hex            12%        N/A       16%         3
 Tukima's Dance           Hex            12%        N/A       16%         3
 Dazzling Flash           Conj/Hex       14%        N/A       30%         3
 Fireball                 Conj/Fire      0%         3d3       99%         5
 Starburst                Conj/Fire      0%         6d3       100%        6
 Ignition                 Fire           0%         3d3       100%        8


Dungeon Overview and Level Annotations

Branches:
Dungeon (2/15)

Altars:


Innate Abilities, Weirdness & Mutations

You are small and have problems with some larger weapons.
You are completely attuned to the shadows.


Message History

Nothing appears to happen.
The adder barely misses you.
Casting: Ensorcelled Hibernation (safe; 14% risk of failure)
Confirm with . or Enter, or press ? or * to list all spells.
Aiming: Ensorcelled Hibernation (safe; 14% risk of failure)
Press: ? - help, Shift-Dir - straight line, f/p - adder
Aim: an adder (chance to affect: 49%)
The adder resists with some effort.
The adder barely misses you.
You hit the adder.
The adder is lightly wounded.
The adder bites you.
You hit the adder.
The adder is moderately wounded.
The adder closely misses you.
You hit the adder.
The adder is moderately wounded.
The adder bites you.
You are poisoned.
The adder poisons you! The adder closely misses you.
You hit the adder.
The adder is heavily wounded.
* * * LOW HITPOINT WARNING * * *
You feel sick. The adder closely misses you.
You hit the adder.
The adder is almost dead.
You feel sick. The adder bites you.
* * * LOW HITPOINT WARNING * * *
You are more poisoned.
The adder poisons you!
You barely miss the adder.
The adder is almost dead.
* * * LOW HITPOINT WARNING * * *
You feel sick. The adder misses you.
You barely miss the adder.
The adder is almost dead.
* * * LOW HITPOINT WARNING * * *
You feel sick. The adder bites you but does no damage. The adder misses you.
Your magical contamination has completely faded away.
You miss the adder.
The adder is almost dead.
You die...

#.# ####.# #.# #.#
#.# #.# #.# #.# #.#
#.# #.# #.# #.# #.###
#.# #.# #.#
#...#####.#####.# #.#
#...............#
#.###.#.####..(######
#....@S.>......#
#####.#.####...# #.#
# ##### #.# #.#


You could see an adder.

Vanquished Creatures
  A giant cockroach (D:1)
  4 goblins
  3 jackals (D:1)
  A quokka (D:1)
  A bat (D:1)
  2 kobolds (D:1)
  3 rats (D:1)
15 creatures vanquished.

Notes
Turn   | Place    | Note
-------+----------+-------------------------------------------
     0 | D:1      | nightchill the Kobold Enchanter began the quest for the
                  | Orb.
     0 | D:1      | Reached XP level 1. HP: 10/10 MP: 3/3
   600 | D:1      | Reached XP level 2. HP: 16/16 MP: 3/5
   603 | D:1      | Learned a level 2 spell: Ensorcelled Hibernation
  1635 | D:2      | Succumbed to an adder's poison

Illustrated notes

Levels and vault maps discovered:
D:1:      scummos_arrival_forest, layout_basic, serial_glass, glass_columns_a,
          glass_columns_b
D:2:      layout_loops_ring

Action                   || total
-------------------------++-------
Melee: Dagger            ||    57
 Cast: Corona            ||     6
       Ensorcelled Hiber ||     1
 Stab: Sleeping          ||     5
Armor: Robe              ||     9
Dodge: Dodged            ||    46
